Map: Catalyst LE

Players

PtitDrogo - Winner!

  • Race: Protoss Protoss
  • Spawn Location: 11:00

puCK (Nina)

  • Race: Protoss Protoss
  • Spawn Location: 5:00

Event: IEM Season 12 - Katowice

VOD

Have the link to the VOD?

Description

Time

  • Played on: Feb. 26, 2018, 4:19 a.m.
  • Length: 9:38

All games in this series

Show
View Real Time Build Order
Export as new Build Order

PtitDrogo Protoss - Winner!

Build Orders:  

Get SALT Encoding   

  12  0:00  Probe  
  13  0:12  Probe  
  14  0:17  Pylon  
  14  0:24  Probe (Chrono Boost)  
  15  0:37  Probe (Chrono Boost)  
  15  0:40  Gateway  
  16  0:44  Probe (Chrono Boost)  
  16  0:46  Assimilator  
  17  0:51  Probe (Chrono Boost)  
  17  0:55  Assimilator  
  18  1:03  Probe (Chrono Boost)  
  20  1:11  Probe (Chrono Boost)  
  20  1:15  Gateway  
  20  1:17  Probe  
  21  1:26  Cybernetics Core  
  21  1:29  Probe  
  22  1:36  Pylon  
  22  1:41  Probe  
  23  1:54  Probe  
  24  2:01  Warp Gate (Chrono Boost)  
  24  2:03  Stalker  
  24  2:04  Stalker  
  28  2:15  Pylon  
  28  2:24  Probe  
  28  2:29  Pylon  
  29  2:34  Sentry x2  
  33  2:50  Nexus  
  33  2:53  Shield Battery  
  33  2:55  Probe  
  34  3:02  Sentry  
  34  3:05  Stalker  
  38  3:11  Probe  
  39  3:16  Pylon  
  39  3:28  Shield Battery  
  39  3:33  Robotics Facility  
  39  3:36  Probe  
  40  3:48  Probe  
  40  4:00  Adept x2  
  40  4:02  Probe (Chrono Boost)  
  46  4:05  Probe (Chrono Boost)  
  46  4:12  Probe (Chrono Boost), Forge  
  46  4:16  Probe (Chrono Boost)  
  48  4:21  Probe (Chrono Boost), Observer  
  51  4:24  Probe (Chrono Boost)  
  51  4:29  Probe (Chrono Boost)  
  53  4:34  Probe (Chrono Boost)  
  53  4:36  Probe (Chrono Boost)  
  54  4:40  Probe  
  54  4:42  Immortal (Chrono Boost)  
  57  4:50  Protoss Ground Weapons Level 1 (Chrono Boost)  
  57  4:52  Probe  
  57  4:55  Shield Battery  
  57  4:57  Pylon  
  57  4:58  Adept  
  57  4:59  Adept  
  60  5:03  Probe  
  60  5:04  Probe  
  62  5:16  Probe  
  62  5:19  Immortal (Chrono Boost)  
  62  5:21  Shield Battery  
  67  5:25  Sentry  
  69  5:32  Photon Cannon  
  69  5:44  Probe  
  69  5:48  Shield Battery  
  70  5:52  Twilight Council  
  70  5:53  Pylon  
  68  6:06  Zealot x2  
  68  6:09  Probe  
  60  6:22  Probe x2  
  58  6:34  Probe x2  
  55  6:40  Protoss Ground Weapons Level 2 (Chrono Boost)  
  55  6:44  Warp Prism (Chrono Boost)  
  55  6:46  Probe x2  
  58  6:54  Zealot x2  
  58  6:58  Probe x2  
  58  7:00  Assimilator  
  64  7:02  Charge, Assimilator  
  64  7:06  Pylon  
  64  7:10  Probe x2  
  66  7:16  Zealot x2  
  66  7:22  Probe x2  
  72  7:25  Immortal  
  76  7:30  Gateway  
  76  7:31  Gateway  
  76  7:33  Templar Archives  
  76  7:34  Probe  
  74  7:42  Probe  
  74  7:46  Probe, Gateway  
  74  7:47  Gateway  
  75  7:54  Probe  
  76  8:13  Probe x2  
  78  8:23  Zealot x2  
  82  8:28  Gateway  
  82  8:30  Gateway  
  82  8:32  Pylon  
  82  8:33  Nexus  
  82  8:48  Pylon  
  82  8:49  Pylon  
  82  8:55  High Templar x4  
  88  8:56  Zealot  
  88  8:59  Archon x2  
  88  9:00  Zealot  
  92  9:25  Zealot  
  92  9:26  Zealot  
  92  9:28  Zealot x4  
Show
View Real Time Build Order
Export as new Build Order

puCK Protoss 

Build Orders: Phoenix Opening 

Get SALT Encoding   

  12  0:00  Probe  
  13  0:12  Probe  
  14  0:18  Pylon  
  14  0:25  Probe (Chrono Boost)  
  15  0:37  Probe (Chrono Boost)  
  15  0:38  Gateway  
  16  0:46  Probe (Chrono Boost)  
  16  0:47  Assimilator  
  17  0:51  Probe (Chrono Boost)  
  17  0:55  Assimilator  
  18  1:03  Probe (Chrono Boost)  
  20  1:12  Probe (Chrono Boost)  
  20  1:15  Gateway  
  20  1:17  Probe  
  21  1:26  Cybernetics Core  
  21  1:29  Probe  
  22  1:37  Pylon  
  22  1:42  Probe  
  23  1:55  Probe  
  24  2:02  Warp Gate (Chrono Boost)  
  24  2:04  Sentry, Stalker  
  28  2:19  Pylon  
  28  2:30  Stalker  
  28  2:31  Probe  
  33  2:37  Sentry  
  33  2:50  Nexus  
  33  2:59  Probe  
  33  3:03  Stalker  
  33  3:04  Sentry  
  38  3:08  Pylon  
  38  3:11  Phoenix  
  38  3:14  Probe  
  39  3:23  Robotics Facility  
  39  3:28  Probe  
  39  3:33  Shield Battery  
  40  3:41  Probe, Shield Battery  
  41  3:55  Sentry x2  
  45  3:57  Probe  
  45  4:00  Gateway  
  47  4:08  Warp Prism (Chrono Boost)  
  47  4:16  Probe  
  49  4:18  Probe  
  50  4:28  Probe  
  51  4:31  Probe  
  51  4:36  Stalker  
  54  4:39  Stalker  
  54  4:44  Probe  
  57  4:46  Probe  
  56  4:56  Probe, Pylon  
  56  4:59  Adept  
  59  5:00  Adept  
  59  5:03  Probe  
  59  5:05  Pylon  
  62  5:14  Probe, Stalker  
  65  5:18  Stalker  
  65  5:19  Stalker  
  65  5:20  Probe  
  70  5:26  Probe, Pylon, Observer  
  72  5:32  Probe  
  73  5:35  Stalker  
  73  5:41  Adept  
  73  5:42  Adept  
  77  5:44  Pylon  
  77  5:48  Probe  
  75  6:08  Stalker x2  
  75  6:16  Probe  
  70  6:22  Probe  
  70  6:23  Immortal (Chrono Boost)  
  64  6:28  Probe  
  51  6:34  Probe  
  51  6:37  Stalker  
  53  6:40  Probe  
  53  6:46  Probe  
  55  6:48  Sentry x2  
  55  6:52  Probe  
  55  6:53  Assimilator  
  60  6:55  Assimilator  
  60  6:58  Probe  
  60  7:00  Immortal (Chrono Boost)  
  61  7:04  Probe  
  66  7:10  Probe  
  66  7:11  Shield Battery  
  67  7:16  Probe  
  67  7:21  Twilight Council  
  67  7:22  Probe  
  69  7:25  Forge  
  69  7:29  Zealot x3  
  75  7:40  Immortal (Chrono Boost)  
  75  7:54  Robotics Bay, Gateway  
  75  7:56  Zealot  
  75  7:58  Charge  
  77  8:00  Stalker  
  79  8:06  Probe  
  79  8:09  Pylon  
  79  8:11  Pylon  
  80  8:14  Robotics Facility  
  80  8:31  Nexus  
  80  8:38  Pylon  
  80  8:41  Disruptor (Chrono Boost)  
  83  8:51  Pylon  
  83  9:01  Gateway  
  83  9:04  Gateway  
  83  9:05  Shield Battery  
  83  9:09  Zealot x2, Disruptor (Chrono Boost)  
  90  9:22  Zealot x2  
  94  9:26  Pylon  
  94  9:28  Pylon  

Tags
 
Add a new tag
Caveats
  • Supply blocks, unpowered buildings, or Contaminate may cause inaccurate times.
  • Supply counts are checked every 10 seconds.